[Event "Titled Tuesday Blitz May 30 Early 2023"]
[White "Steinberg, Nitzan"]
[Black "Kleiman, Jake"]
[WhiteFideId "2801795"]
[BlackFideId "2020041"]
[WhiteElo "2486"]
[BlackElo "2594"]
[Result "1/2-1/2"]
[Round "02"]
[TimeControl "180+2"]
[Date "2023.05.30"]
[WhiteClock "0:00:08"]
[BlackClock "0:00:08"]

1. Nf3 Nf6 2. g3 e6 3. Bg2 d5 4. O-O g6 5. d3 Bg7 6. Nbd2 O-O 7. e4 c5 8. Re1 Nc6 9. Qe2 a5 10. Nf1 b6 11. e5 Nd7 12. Bf4 a4 13. a3 b5 14. h4 b4 15. N1h2 bxa3 16. bxa3 Ba6 17. Ng4 Nd4 18. Nxd4 cxd4 19. Bg5 Qc7 20. h5 Rfc8 21. Rac1 Rab8 22. Qf3 Rb2 23. Nf6+ Nxf6 24. Bxf6 Bh6 25. hxg6 hxg6 26. Qg4 Rxc2 27. Qh4 Bg7 28. Rb1 Bxd3 29. Bf3 Qc3 30. Bxg7 Kxg7 31. Kg2 Qd2 32. g4 g5 33. Qg3 R8c3 34. Rbd1 Qf4 35. Qxf4 gxf4 36. g5 Kg6 37. Rh1 Kxg5 38. Rh5+ Kg6 39. Rdh1 Bf5 40. Rh7 Rxf3 41. R1h6+ Kg5 42. Rh5+ Kg6 43. R5h6+ Kg5 44. Rh5+ Kg6 45. R5h6+ 1/2-1/2


[Site "https://www.chess.com"]

[Event "Titled Tuesday Blitz May 30 Early 2023"]
[White "Fridman, Daniel"]
[Black "Szabo, Marcell"]
[WhiteFideId "11600454"]
[BlackFideId "2072033"]
[WhiteElo "2525"]
[BlackElo "1795"]
[Result "1-0"]
[Round "02"]
[TimeControl "180+2"]
[Date "2023.05.30"]
[WhiteClock "0:00:22"]
[BlackClock "0:00:53"]

1. d4 Nf6 2. Nf3 d5 3. c4 c6 4. g3 Bg4 5. Ne5 Be6 6. cxd5 Bxd5 7. f3 Nbd7 8. Nc3 Be6 9. e4 Nxe5 10. dxe5 Qxd1+ 11. Nxd1 Nd7 12. f4 Bg4 13. Nc3 O-O-O 14. h3 Bf3 15. Rh2 Nc5 16. Bg2 Nd3+ 17. Kf1 Bxg2+ 18. Rxg2 Nxc1 19. Rxc1 e6 20. a3 Kb8 21. f5 Be7 22. Ne2 Bg5 23. Nf4 Bxf4 24. gxf4 Rd4 25. Re1 g6 26. fxe6 fxe6 27. Kf2 Rf8 28. Ke3 c5 29. h4 Rfd8 30. h5 Rd3+ 31. Kf2 gxh5 32. f5 Rf8 33. f6 Kc7 34. Rg7+ Rd7 35. Reg1 Rff7 36. Rxf7 Rxf7 37. Rg7 1-0


[Site "https://www.chess.com"]

[Event "Titled Tuesday Blitz May 30 Early 2023"]
[White "Lamaze, Simon"]
[Black "Nguyen, Ngoc Truong Son"]
[WhiteFideId "36069264"]
[BlackFideId "12401110"]
[WhiteElo "2272"]
[BlackElo "2556"]
[Result "1-0"]
[Round "02"]
[TimeControl "180+2"]
[Date "2023.05.30"]
[WhiteClock "0:00:47"]
[BlackClock "0:00:00"]

1. e4 e5 2. Nf3 Nc6 3. Bc4 Bc5 4. Nc3 Nf6 5. d3 h6 6. h3 a6 7. a3 d6 8. Be3 Bxe3 9. fxe3 Qe7 10. O-O Be6 11. Nd2 Nb8 12. a4 Nbd7 13. a5 c6 14. Bxe6 Qxe6 15. Qf3 O-O 16. Qf5 d5 17. exd5 cxd5 18. e4 Qxf5 19. Rxf5 d4 20. Na4 Ne8 21. Nc4 f6 22. g4 Rc8 23. h4 g5 24. hxg5 hxg5 25. Rf2 Ng7 26. Rh2 Ne6 27. Kf2 Kg7 28. Rah1 Rh8 29. Rxh8 Rxh8 30. Rxh8 Kxh8 31. Nd6 Nd8 32. c3 dxc3 33. bxc3 Kg8 34. d4 exd4 35. cxd4 Kf8 36. Ke3 Ke7 37. Nf5+ Kf8 38. Kd3 Nc6 39. Nb6 Ndb8 40. Nc4 Nd8 41. d5 Nd7 42. Kd4 Nf7 43. Nfd6 Nd8 44. e5 fxe5+ 45. Nxe5 Nf6 46. Ne4 Ke7 47. Nxg5 b5 48. axb6 Nb7 49. Nc6+ Kd7 50. Ne5+ Ke7 51. Ngf3 a5 52. g5 Nd7 53. Nc6+ Kd6 54. Nd2 Nxb6 55. Ne4+ Kd7 56. g6 Nd6 57. Nxd6 Kxd6 58. g7 1-0


[Site "https://www.chess.com"]

[Event "Titled Tuesday Blitz May 30 Early 2023"]
[White "Asis Gargatagli, Hipolito"]
[Black "Ambartsumova, Karina"]
[WhiteFideId "2260735"]
[BlackFideId "4166299"]
[WhiteElo "2557"]
[BlackElo "2240"]
[Result "1/2-1/2"]
[Round "02"]
[TimeControl "180+2"]
[Date "2023.05.30"]
[WhiteClock "0:00:59"]
[BlackClock "0:00:06"]

1. e4 e5 2. Nf3 Nc6 3. Bb5 Nf6 4. O-O Nxe4 5. Re1 Nd6 6. Bf1 Be7 7. Nc3 O-O 8. d4 Nxd4 9. Nxd4 exd4 10. Nd5 Bf6 11. Bf4 b6 12. Bxd6 cxd6 13. Qf3 Rb8 14. Nxf6+ Qxf6 15. Qxf6 gxf6 16. Rad1 Bb7 17. Rxd4 Rfe8 18. Red1 d5 19. c3 Re5 20. f3 Rbe8 21. Kf2 Bc6 22. R4d2 Kg7 23. g3 Re3 24. Rd4 R3e5 25. R1d2 Re1 26. Bg2 Ra1 27. a3 Ree1 28. g4 Reb1 29. f4 Ra2 30. Bxd5 Bxd5 31. Rxd5 Rbxb2 32. Rxb2 Rxb2+ 33. Ke3 Rb3 34. Kd3 Rxa3 35. Rxd7 Ra2 36. h3 Rh2 37. Rxa7 Rxh3+ 38. Ke4 Rxc3 39. Rb7 Rb3 40. Kf5 Rb1 41. Rb8 b5 42. Rb6 b4 43. Rxf6 b3 44. Rb6 h6 45. Rb8 b2 46. Rb6 Kh7 47. Rb7 Kg7 48. Rb6 Kh7 49. Rb7 Kg7 50. Rb8 Kh7 51. Rb7 1/2-1/2


[Site "https://www.chess.com"]

[Event "Titled Tuesday Blitz May 30 Early 2023"]
[White "Mathieu, Phileas"]
[Black "Petrosyan, Manuel"]
[WhiteFideId "36048410"]
[BlackFideId "13300857"]
[WhiteElo "2241"]
[BlackElo "2576"]
[Result "1/2-1/2"]
[Round "02"]
[TimeControl "180+2"]
[Date "2023.05.30"]
[WhiteClock "0:00:43"]
[BlackClock "0:00:21"]

1. c4 e5 2. Nc3 Nf6 3. Nf3 Nc6 4. e3 Bb4 5. Qc2 Bxc3 6. Qxc3 Qe7 7. a3 a5 8. b4 axb4 9. axb4 Rxa1 10. Qxa1 e4 11. b5 Nb4 12. Nd4 c5 13. bxc6 dxc6 14. Qc3 c5 15. Ba3 cxd4 16. Qxb4 Qxb4 17. Bxb4 d3 18. f3 Be6 19. fxe4 Bxc4 20. g3 Nxe4 21. Bg2 Ng5 22. O-O Ba6 23. h4 Ne6 24. Bd5 h5 25. Bc3 Rh6 26. Bxe6 Rxe6 27. Bxg7 Bb5 28. Bc3 Bc6 29. Rf5 Rg6 30. Kf2 Rg4 31. Rxh5 Ra4 32. Rh8+ Ke7 33. Rh5 Ra2 34. e4 Rc2 35. Ke3 Rc1 36. Kxd3 Rg1 37. Rg5 Be8 38. Bb4+ Ke6 39. Bc3 f6 40. Rg7 Bh5 41. Ke3 Re1+ 42. Kd4 Bf3 43. d3 Rd1 44. Bb4 f5 45. Rg6+ Kf7 46. exf5 Be2 47. Re6 Rxd3+ 48. Ke4 Rxg3 49. Re7+ Kf6 50. Re6+ Kf7 51. Bd6 Rg4+ 52. Ke5 Bf3 53. Re7+ Kg8 54. Re8+ Kf7 55. Re7+ Kg8 56. f6 Re4+ 57. Kf5 Rxe7 58. Bxe7 Kf7 59. Bd8 b5 60. Ba5 Bd1 61. Bc3 Bc2+ 62. Kg5 Bb1 63. Bb2 Bc2 64. Ba1 b4 65. h5 Bb1 66. Bb2 Bc2 67. Kf4 Bd1 68. Kg5 Bc2 69. h6 Bb1 70. Bd4 Bh7 71. Ba1 Bg6 72. Bb2 b3 73. Kf4 Bh7 74. Ke5 Bc2 75. Kd6 Bh7 76. Kc5 Bc2 77. Kb4 Bh7 78. Kxb3 Bg6 79. Kc3 Bh7 80. Kd4 Bg6 81. Kc5 Bh7 82. Kd5 Bg6 83. Ke5 Bh7 84. Kf4 Bg6 85. Kg5 Bh7 86. Ba3 Bg6 87. Be7 Bh7 88. Kf4 Bg6 89. Ke5 Bh7 90. Kd4 Bg6 91. Ke3 Bh7 92. Kd2 Bg6 93. Ke1 Bh7 94. Ke2 Bg6 95. Kf3 Bh7 96. Kf4 Bg6 97. Kg4 Bh7 98. Kg5 Bg6 99. Bf8 Bh7 100. Bg7 Bg6 101. Kf4 Bh7 102. Ke5 Bg6 103. Kd6 Bh7 104. Ke5 Bg6 105. Kf4 Bh7 106. Kg3 Bg6 107. Kh4 Bh7 108. Kg5 Bg6 109. h7 Bxh7 110. Kh6 Bc2 111. Bh8 Bb3 112. Bg7 Ba4 113. Bh8 1/2-1/2


[Site "https://www.chess.com"]

[Event "Titled Tuesday Blitz May 30 Early 2023"]
[White "Makarian, Rudik"]
[Black "Ismagilov, Damir"]
[WhiteFideId "44105681"]
[BlackFideId "34199982"]
[WhiteElo "2461"]
[BlackElo "2143"]
[Result "1/2-1/2"]
[Round "02"]
[TimeControl "180+2"]
[Date "2023.05.30"]
[WhiteClock "0:01:51"]
[BlackClock "0:01:30"]

1. c4 e5 2. Nc3 Bb4 3. Qb3 Nc6 4. e3 Bxc3 5. Qxc3 Nf6 6. a3 d5 7. cxd5 Nxd5 8. Qc2 O-O 9. b4 Bg4 10. Bb2 Qd6 11. Ne2 Ndxb4 12. axb4 Nxb4 13. Qc3 Nd3+ 14. Kd1 Nxf2+ 15. Ke1 Nd3+ 16. Kd1 Nf2+ 17. Ke1 Nd3+ 18. Kd1 Nf2+ 1/2-1/2


[Site "https://www.chess.com"]

[Event "Titled Tuesday Blitz May 30 Early 2023"]
[White "Bartel, Michal"]
[Black "Pichot, Alan"]
[WhiteFideId "1119257"]
[BlackFideId "110973"]
[WhiteElo "2282"]
[BlackElo "2573"]
[Result "1/2-1/2"]
[Round "02"]
[TimeControl "180+2"]
[Date "2023.05.30"]
[WhiteClock "0:00:50"]
[BlackClock "0:00:11"]

1. e4 c5 2. Ne2 Nc6 3. g3 g6 4. Bg2 Bg7 5. c3 e5 6. d3 Nge7 7. Be3 d6 8. d4 b6 9. O-O O-O 10. Na3 cxd4 11. cxd4 Ba6 12. d5 Nd4 13. Bxd4 exd4 14. Re1 d3 15. Nc3 Rc8 16. Nab1 f5 17. Qa4 Bc4 18. Nd2 b5 19. Nxb5 Bxb5 20. Qxb5 fxe4 21. Nxe4 Rb8 22. Qxd3 Rxb2 23. a4 Qb6 24. a5 Qb4 25. Rab1 Nf5 26. Rf1 Bd4 27. Rxb2 Qxb2 28. Bh3 Ne7 29. Be6+ Kg7 30. Qd2 Qxd2 31. Nxd2 Rb8 32. Rb1 Rxb1+ 33. Nxb1 Kf6 34. Na3 Ke5 35. Nb5 Bc5 36. a6 Nxd5 37. Bg8 Nf6 38. Bf7 d5 39. Kf1 Ne4 40. f4+ Kf6 41. Bxd5 Nd6 42. Nxd6 Bxd6 43. Ke2 Bc5 44. Kf3 h6 45. h3 g5 46. fxg5+ hxg5 47. h4 gxh4 48. gxh4 Kg6 49. Bb7 Kh6 50. Ke4 Be7 51. Kd5 Bxh4 52. Kc6 Bf2 53. Kd7 Bb6 54. Kc8 Kg5 55. Kd7 Kh4 56. Kc6 Kg3 57. Kd7 Kf2 58. Kc6 Ke1 59. Kd7 1/2-1/2


[Site "https://www.chess.com"]

[Event "Titled Tuesday Blitz May 30 Early 2023"]
[White "Bjerre, Jonas Buhl"]
[Black "Do Nascimento,Christian Almeida"]
[WhiteFideId "1444948"]
[BlackFideId "2143801"]
[WhiteElo "2525"]
[BlackElo "2118"]
[Result "1-0"]
[Round "02"]
[TimeControl "180+2"]
[Date "2023.05.30"]
[WhiteClock "0:02:18"]
[BlackClock "0:00:13"]

1. d4 Nf6 2. c4 e6 3. Nf3 d5 4. g3 Bb4+ 5. Bd2 Be7 6. Bg2 O-O 7. O-O Ne4 8. Nc3 Nxd2 9. Nxd2 c6 10. Rb1 Nd7 11. b4 a6 12. e4 dxe4 13. Ndxe4 Nf6 14. Nc5 Bxc5 15. bxc5 Qe7 16. Re1 Rd8 17. Na4 Bd7 18. Rxb7 Rab8 19. Rxb8 Rxb8 20. Nb6 Be8 21. Qa4 Qd8 22. Rd1 e5 23. dxe5 Nd7 24. Bxc6 1-0


[Site "https://www.chess.com"]

[Event "Titled Tuesday Blitz May 30 Early 2023"]
[White "Gontcharov, Vladislav"]
[Black "Kovalenko, Igor"]
[WhiteFideId "4123492"]
[BlackFideId "14117908"]
[WhiteElo "2420"]
[BlackElo "2574"]
[Result "0-1"]
[Round "02"]
[TimeControl "180+2"]
[Date "2023.05.30"]
[WhiteClock "0:00:00"]
[BlackClock "0:01:55"]

1. d4 Nf6 2. c4 e6 3. Nc3 Bb4 4. e3 b6 5. Nf3 Bb7 6. Be2 Ne4 7. Qc2 Bxc3+ 8. bxc3 d6 9. O-O Nd7 10. Ne1 f5 11. f3 Nef6 12. Bd3 g6 13. e4 Qe7 14. a4 O-O 15. Bh6 Rf7 16. h3 Kh8 17. a5 Nh5 18. axb6 cxb6 19. exf5 gxf5 20. d5 Nc5 21. Be3 Ng3 22. Rf2 e5 23. Bxc5 bxc5 24. Bf1 Rg7 25. Ra2 Bc8 26. f4 e4 27. Qc1 a5 28. Nc2 a4 29. Ne3 Qh4 30. Kh2 Rb7 31. Ra3 Bd7 32. Rfa2 Qxf4 33. Kg1 Qe5 34. Qe1 Rab8 35. Rxa4 Bxa4 36. Rxa4 Rb1 37. Qf2 R8b2 38. Ra8+ Rb8 39. Rxb8+ Rxb8 40. Qa2 Rg8 41. Qa7 Qxc3 0-1


[Site "https://www.chess.com"]

[Event "Titled Tuesday Blitz May 30 Early 2023"]
[White "Durarbayli, Vasif"]
[Black "ArtemDyachuk"]
[WhiteFideId "13402935"]
[WhiteElo "2551"]
[BlackElo "2569"]
[Result "1-0"]
[Round "02"]
[TimeControl "180+2"]
[Date "2023.05.30"]
[WhiteClock "0:00:20"]
[BlackClock "0:00:03"]

1. e4 c5 2. Nf3 Nc6 3. d4 cxd4 4. Nxd4 Nf6 5. Nc3 e5 6. Ndb5 d6 7. Bg5 a6 8. Na3 b5 9. Nd5 Be7 10. Bxf6 Bxf6 11. c4 b4 12. Nc2 a5 13. Qf3 Bg5 14. Rd1 O-O 15. h4 Bh6 16. g4 g6 17. g5 Bg7 18. c5 a4 19. cxd6 Qa5 20. b3 axb3 21. axb3 Be6 22. Bc4 Qa2 23. Ne7+ Nxe7 24. dxe7 Rfe8 25. Bxe6 fxe6 26. Qd3 Rxe7 27. O-O Rf8 28. Nxb4 Qa3 29. Qc3 Qa5 30. Qc4 Ref7 31. Nc6 Qb6 32. Qxe6 Kh8 33. Nd8 Qb4 34. Nxf7+ Kg8 35. Nh6+ Kh8 36. Qg8+ Rxg8 37. Nf7# 1-0


[Site "https://www.chess.com"]

[Event "Titled Tuesday Blitz May 30 Early 2023"]
[White "Shuvalov, Evgenij"]
[Black "Ahmadzada, Ahmad"]
[WhiteFideId "4187237"]
[BlackFideId "13413007"]
[WhiteElo "2080"]
[BlackElo "2388"]
[Result "0-1"]
[Round "02"]
[TimeControl "180+2"]
[Date "2023.05.30"]
[WhiteClock "0:00:05"]
[BlackClock "0:00:08"]

1. d4 Nf6 2. c4 g6 3. Nc3 Bg7 4. e4 d6 5. Nf3 O-O 6. Be2 Nbd7 7. O-O e5 8. Be3 Qe7 9. d5 Nc5 10. Nd2 a5 11. a3 a4 12. Bxc5 dxc5 13. Nxa4 Ne8 14. Nc3 f5 15. Re1 Nd6 16. a4 Qh4 17. Nf3 Qf6 18. Bd3 f4 19. h3 h5 20. Nh2 Bd7 21. Nb5 Rac8 22. Ra3 Nf7 23. Be2 Ng5 24. Bf1 Nf7 25. a5 Qg5 26. Nf3 Qh6 27. a6 b6 28. a7 g5 29. Nxc7 Rxc7 30. a8=Q Rxa8 31. Rxa8+ Kh7 32. d6 Rc6 33. Qd5 Kg6 34. Ra7 Rxd6 35. Qa8 g4 36. Nh4+ Kh7 37. Nf5 Bxf5 38. exf5 Qf6 39. Qe8 Nh6 40. Rxe5 g3 41. Ree7 Nxf5 42. Rf7 gxf2+ 43. Kh2 Qg5 44. Rxf5 Qxf5 45. Be2 Qg5 46. Qe7 Qg3+ 47. Kh1 Rd1+ 48. Bxd1 f1=Q# 0-1


[Site "https://www.chess.com"]

[Event "Titled Tuesday Blitz May 30 Early 2023"]
[White "Bachmann, Axel"]
[Black "Kiremitciyan, Ari"]
[WhiteFideId "3700488"]
[BlackFideId "6373445"]
[WhiteElo "2605"]
[BlackElo "2181"]
[Result "1-0"]
[Round "02"]
[TimeControl "180+2"]
[Date "2023.05.30"]
[WhiteClock "0:00:04"]
[BlackClock "0:00:00"]

1. e4 e5 2. Bc4 Nf6 3. d3 c6 4. Nf3 Be7 5. O-O d6 6. a4 a5 7. Re1 O-O 8. Nc3 Bg4 9. h3 Bxf3 10. Qxf3 Nbd7 11. Be3 Ne8 12. Qg4 Nef6 13. Qe2 Ne8 14. f4 exf4 15. Bxf4 Bg5 16. Bh2 Qb6+ 17. Kh1 Qxb2 18. Qg4 Ne5 19. Bxe5 dxe5 20. Qxg5 Qxc3 21. Qe7 Qb4 22. Qxe5 Nd6 23. Bb3 Rae8 24. Qb2 Kh8 25. Rf1 f5 26. e5 Nc8 27. d4 Ne7 28. c3 Qb6 29. Qc2 Qc7 30. Be6 g6 31. Rae1 b5 32. Bb3 bxa4 33. Bxa4 1-0


[Site "https://www.chess.com"]

[Event "Titled Tuesday Blitz May 30 Early 2023"]
[White "Baghdasaryan, Vahe"]
[Black "Zemlyanskii, Ivan"]
[WhiteFideId "13303139"]
[BlackFideId "24249971"]
[WhiteElo "2216"]
[BlackElo "2421"]
[Result "0-1"]
[Round "02"]
[TimeControl "180+2"]
[Date "2023.05.30"]
[WhiteClock "0:00:00"]
[BlackClock "0:00:06"]

1. e4 c5 2. Nf3 e6 3. d4 cxd4 4. Nxd4 Nf6 5. Nc3 Nc6 6. Ndb5 Bc5 7. Bf4 O-O 8. Bc7 Qe7 9. Bd6 Bxd6 10. Qxd6 Qd8 11. Nc7 Rb8 12. Be2 b5 13. e5 Ne8 14. Nxe8 b4 15. Nxg7 bxc3 16. bxc3 Kxg7 17. h4 Qa5 18. Rh3 Bb7 19. f4 Kh8 20. Rb1 Ba6 21. Rxb8 Rxb8 22. Qxd7 Bxe2 23. Qxf7 Rb1+ 24. Kxe2 Qd8 25. Rd3 Qe7 26. Qxe7 Nxe7 27. Rd7 Nf5 28. Rxa7 Rc1 29. Kd2 Rg1 30. c4 Rxg2+ 31. Kc3 Rg3+ 32. Kb4 Nd4 33. Kc5 Nxc2 34. Kd6 Nd4 35. a4 Rd3 36. Kc7 Rc3 37. Kd6 Rxc4 38. Ra8+ Kg7 39. Ra7+ Kg6 40. Ra8 h5 41. Rg8+ Kf5 42. Rf8+ Ke4 43. a5 Rc6+ 44. Ke7 Ra6 45. Rh8 Kxf4 46. Rxh5 Rxa5 47. Kf6 Ra8 48. Rh7 Rf8+ 49. Rf7 Rxf7+ 50. Kxf7 Kxe5 51. h5 Nf5 52. Kg6 Kf4 53. Kf6 e5 0-1


[Site "https://www.chess.com"]

[Event "Titled Tuesday Blitz May 30 Early 2023"]
[White "Dragnev, Valentin"]
[Black "Sousa, Andre Ventura"]
[WhiteFideId "1634852"]
[BlackFideId "1917617"]
[WhiteElo "2487"]
[BlackElo "2333"]
[Result "1-0"]
[Round "02"]
[TimeControl "180+2"]
[Date "2023.05.30"]
[WhiteClock "0:00:03"]
[BlackClock "0:00:08"]

1. d4 Nf6 2. Bg5 b6 3. Bxf6 exf6 4. e4 Bb7 5. Bd3 f5 6. Nd2 fxe4 7. Bxe4 d5 8. Bd3 Bd6 9. Ngf3 O-O 10. O-O c5 11. c3 Nc6 12. Re1 Qf6 13. Nf1 g6 14. Bc2 cxd4 15. Nxd4 Bc5 16. Nf3 d4 17. Ng3 dxc3 18. Ne4 Qg7 19. bxc3 Rad8 20. Qe2 Ba3 21. Rab1 Rfe8 22. h3 Na5 23. Rbd1 h6 24. Rxd8 Rxd8 25. Nd4 Bb2 26. Nb5 Bxe4 27. Qxe4 Bxc3 28. Qe7 Bxe1 29. Qxd8+ Qf8 30. Qd7 Bxf2+ 31. Kxf2 Qc5+ 32. Nd4 Nc6 33. Qxc6 Qxd4+ 34. Ke2 Kg7 35. Qe4 Qb2 36. a4 b5 37. axb5 Qxb5+ 38. Kf2 Qc5+ 39. Kf1 h5 40. Qd3 a5 41. Bb3 Qe5 42. Qc4 Qf6+ 43. Kg1 Qa1+ 44. Kh2 Qe5+ 45. Kg1 Qa1+ 46. Kf2 Qf6+ 47. Ke2 Qe5+ 48. Kd1 Qa1+ 49. Kc2 Qf6 50. Qd5 Qf2+ 51. Kb1 Kg8 52. Qe4 Kg7 53. Qe5+ Kg8 54. Qd5 Kg7 55. g3 Kg8 56. Bc4 Kg7 57. Ba2 a4 58. Qe5+ Kg8 59. Qd5 Kg7 60. Bc4 a3 61. Qe5+ Kg8 62. Qe8+ Kg7 63. Qe5+ Kg8 64. Ka1 Qc2 65. Qe8+ Kg7 66. Qxf7+ Kh6 67. Qf8+ Kg5 68. Qf4# 1-0


[Site "https://www.chess.com"]

[Event "Titled Tuesday Blitz May 30 Early 2023"]
[White "Marra, Eduardo da Costa"]
[Black "Rustemov, Alexander"]
[WhiteFideId "2106990"]
[BlackFideId "4119002"]
[WhiteElo "2252"]
[BlackElo "2849"]
[Result "1-0"]
[Round "02"]
[TimeControl "180+2"]
[Date "2023.05.30"]
[WhiteClock "0:00:07"]
[BlackClock "0:00:00"]

1. d4 d5 2. Nc3 Nf6 3. Bf4 c5 4. e4 Nxe4 5. Nxe4 dxe4 6. dxc5 Qxd1+ 7. Rxd1 Nc6 8. Bb5 Bd7 9. Ne2 O-O-O 10. Nc3 f5 11. Bxc6 Bxc6 12. Rxd8+ Kxd8 13. Ke2 e5 14. Rd1+ Ke8 15. Bxe5 Bxc5 16. Bd4 Bxd4 17. Rxd4 Ke7 18. Ke3 g5 19. g3 Ke6 20. a4 Ke5 21. Rc4 f4+ 22. Ke2 Rd8 23. Rc5+ Kf6 24. b4 Rd4 25. b5 Be8 26. h4 Bh5+ 27. Ke1 h6 28. hxg5+ hxg5 29. gxf4 Bf3 30. fxg5+ Kg6 31. a5 b6 32. axb6 axb6 33. Rd5 Rc4 34. Kd2 e3+ 35. fxe3 Bxd5 36. Nxd5 Rc5 37. Nxb6 Rxb5 38. Nc4 Kxg5 39. Kd3 Kf6 40. Kd4 Ke6 41. c3 Rd5+ 42. Ke4 Rc5 43. Kd4 Rd5+ 44. Ke4 Rh5 45. Kd4 Rh4+ 46. e4 Rh1 47. Ne3 Ra1 48. Nd5 Ra4+ 49. c4 Ra1 50. Nc3 Kd6 51. c5+ Kc6 52. Kc4 Rc1 53. Kd4 Rh1 54. Kc4 Rh5 55. Nd5 Rh1 56. Nb4+ Kd7 57. Kd4 Rd1+ 58. Kc4 Rc1+ 59. Kd4 Ke6 60. Nd5 Rd1+ 61. Kc4 Ke5 62. Nc3 Rc1 63. Kd3 Rh1 64. Kc4 Rc1 65. Kd3 Ra1 66. Kc4 Ra8 67. Kb4 Kd4 68. Nb5+ Kxe4 69. c6 1-0


[Site "https://www.chess.com"]

[Event "Titled Tuesday Blitz May 30 Early 2023"]
[White "Rozen, Eytan"]
[Black "Budrewicz, Krzysztof"]
[WhiteFideId "2816750"]
[BlackFideId "1127950"]
[WhiteElo "2451"]
[BlackElo "2230"]
[Result "1-0"]
[Round "02"]
[TimeControl "180+2"]
[Date "2023.05.30"]
[WhiteClock "0:00:31"]
[BlackClock "0:00:34"]

1. c4 Nf6 2. Nc3 g6 3. e4 d6 4. d4 Bg7 5. Be2 O-O 6. Be3 e5 7. d5 Nbd7 8. Nf3 Ng4 9. Bg5 Bf6 10. Bc1 Be7 11. h3 Ngf6 12. Bh6 Re8 13. Qc2 Nh5 14. O-O-O a5 15. Kb1 Nc5 16. g3 f5 17. Be3 b6 18. g4 fxg4 19. hxg4 Nf4 20. Bxf4 exf4 21. e5 Bxg4 22. Rdg1 Qc8 23. e6 Nxe6 24. Rxg4 Nf8 25. Rxf4 Qd7 26. Ne4 a4 27. Qc3 a3 28. b3 Bd8 29. Bd3 Qg7 30. Qxg7+ Kxg7 31. Nd4 Re5 32. Nc6 Be7 33. Nxe5 dxe5 34. Rf3 Nd7 35. Rxh7+ Kxh7 36. Rf7+ Kh6 37. Rxe7 Rd8 38. d6 cxd6 39. Nxd6 Kh5 40. Nf7 1-0


[Site "https://www.chess.com"]

[Event "Titled Tuesday Blitz May 30 Early 2023"]
[White "Sharapov, Evgeny"]
[Black "Molina, Roberto Junio Brito"]
[WhiteFideId "14103133"]
[BlackFideId "2109450"]
[WhiteElo "2367"]
[BlackElo "2376"]
[Result "1-0"]
[Round "02"]
[TimeControl "180+2"]
[Date "2023.05.30"]
[WhiteClock "0:00:10"]
[BlackClock "0:00:14"]

1. e4 c6 2. d4 d5 3. e5 Bf5 4. Be3 Qb6 5. Qc1 e6 6. c4 dxc4 7. Bxc4 Qd8 8. Nc3 Nd7 9. Nge2 Nb6 10. Bb3 Ne7 11. O-O Ned5 12. Ng3 Bd3 13. Rd1 Bg6 14. Bg5 Qd7 15. Nce4 h6 16. Bd2 Be7 17. Nc5 Qc8 18. f4 h5 19. h3 h4 20. Nge4 Nd7 21. Nd6+ Bxd6 22. exd6 N7f6 23. Re1 Bf5 24. Bc2 g6 25. b4 b6 26. Nd3 Bxd3 27. Bxd3 Qd7 28. b5 cxb5 29. Qb2 a6 30. f5 gxf5 31. Bxf5 Qxd6 32. Re5 O-O-O 33. Bd3 Kb7 34. a4 b4 35. a5 b5 36. Bg5 Rd7 37. Rf1 Ne8 38. Be4 Nc7 39. Bf4 Qf8 40. Bh2 Ka7 41. Qf2 Rg8 42. Bxd5 Nxd5 43. Rxe6 Qg7 44. Rc6 f5 45. Rc5 f4 46. Kh1 Qg5 47. Qf3 Kb8 48. Bxf4+ Qxf4 49. Qxf4+ Nxf4 50. Rxf4 Rgd8 51. Rxh4 Rxd4 52. Rxd4 Rxd4 53. Rc2 b3 54. Rb2 Rd3 55. Kh2 Kc7 56. h4 Kc6 57. h5 Kc5 58. h6 Kb4 59. g4 Kc3 60. Rg2 b2 61. Rxb2 Kxb2 62. g5 Rd6 63. Kg3 b4 64. h7 Rd8 65. g6 b3 66. g7 Kc2 67. g8=Q Rxg8+ 68. hxg8=Q b2 69. Qc4+ Kd2 70. Qb4+ Kc2 71. Qc4+ Kd2 72. Qb3 Kc1 73. Qc3+ Kb1 74. Kf2 Ka2 75. Qc4+ Ka3 76. Qc3+ Ka2 77. Qc2 Ka1 78. Qa4+ Kb1 79. Ke2 Kc1 80. Qc4+ Kb1 81. Kd2 Ka1 82. Qa4+ Kb1 83. Kc3 1-0


[Site "https://www.chess.com"]

[Event "Titled Tuesday Blitz May 30 Early 2023"]
[White "ArrestingPieces"]
[Black "Vitiugov, Nikita"]
[BlackFideId "4152956"]
[WhiteElo "2558"]
[BlackElo "2673"]
[Result "0-1"]
[Round "02"]
[TimeControl "180+2"]
[Date "2023.05.30"]
[WhiteClock "0:01:49"]
[BlackClock "0:02:04"]

1. d4 d5 2. Nf3 Nf6 3. c3 e6 4. Bf4 Bd6 5. e3 O-O 6. Nbd2 c5 7. Bg3 b6 8. Bd3 Ba6 9. Qe2 Bxd3 10. Qxd3 Nc6 11. O-O Bxg3 12. hxg3 Re8 13. e4 dxe4 14. Nxe4 cxd4 15. Rfd1 e5 16. cxd4 exd4 17. Nxd4 Nxd4 18. Nxf6+ Qxf6 19. Qxd4 Re1+ 20. Kh2 Qxd4 0-1


[Site "https://www.chess.com"]

[Event "Titled Tuesday Blitz May 30 Early 2023"]
[White "Lobanov, Sergei"]
[Black "Poltorak, Sebastian"]
[WhiteFideId "24183750"]
[BlackFideId "1199498"]
[WhiteElo "2501"]
[BlackElo "2195"]
[Result "1-0"]
[Round "02"]
[TimeControl "180+2"]
[Date "2023.05.30"]
[WhiteClock "0:00:06"]
[BlackClock "0:00:12"]

1. d4 Nf6 2. c4 g6 3. Nc3 d5 4. cxd5 Nxd5 5. Bd2 Bg7 6. e4 Nxc3 7. Bxc3 O-O 8. Qd2 Nc6 9. d5 Ne5 10. O-O-O c6 11. f4 Ng4 12. Bxg7 Kxg7 13. Qc3+ f6 14. dxc6 Qc7 15. Nh3 bxc6 16. Bc4 Rb8 17. Rd2 Nh6 18. e5 Bxh3 19. Qxh3 Rfd8 20. Rhd1 Rxd2 21. Rxd2 Rd8 22. exf6+ exf6 23. Rxd8 Qxd8 24. Qe6 Qc7 25. g3 f5 26. Kc2 Ng4 27. Qg8+ Kh6 28. Qf8+ Qg7 29. Qd8 Qf6 30. Qxf6 Nxf6 31. Be2 Kg7 32. Bf3 c5 33. Kc3 Kf7 34. Kc4 Nd7 35. Bc6 Nb8 36. Kxc5 Ke7 37. Bb5 h6 38. h4 Kd8 39. Kd6 a6 40. Ba4 a5 41. Bb5 h5 42. a3 Kc8 43. b3 Kb7 44. Kc5 Kc7 45. b4 axb4 46. axb4 Kb7 47. Be8 Kc7 48. Bxg6 Nd7+ 49. Kd4 Kd6 50. Bxf5 Nf6 51. Be4 Ne8 52. Bf3 Nc7 53. Bxh5 Nb5+ 54. Ke4 Nc7 55. Bf3 Na8 56. h5 Nb6 57. h6 Nd7 1-0


[Site "https://www.chess.com"]

[Event "Titled Tuesday Blitz May 30 Early 2023"]
[White "Garv Gaur"]
[Black "Hayrapetyan, Hovik"]
[WhiteFideId "45030839"]
[BlackFideId "13302639"]
[WhiteElo "2068"]
[BlackElo "2348"]
[Result "0-1"]
[Round "02"]
[TimeControl "180+2"]
[Date "2023.05.30"]
[WhiteClock "0:00:08"]
[BlackClock "0:00:09"]

1. d4 Nf6 2. c4 e6 3. Nc3 Bb4 4. Qc2 d5 5. cxd5 exd5 6. Bg5 h6 7. Bxf6 Qxf6 8. e3 c6 9. Bd3 O-O 10. Ne2 Bd6 11. Ng3 a5 12. a3 Re8 13. O-O Nd7 14. e4 Bxg3 15. hxg3 dxe4 16. Nxe4 Qxd4 17. Rad1 Qe5 18. Rfe1 Qc7 19. Bc4 Kf8 20. Bxf7 Kxf7 21. Nd6+ Qxd6 22. Rxd6 Rxe1+ 23. Kh2 Nf6 24. f3 Be6 25. Qd2 Re5 26. Rd4 Rd5 27. g4 Rad8 28. Rxd5 Rxd5 29. Qf4 a4 30. Qc7+ Rd7 31. Qa5 Bb3 32. Qe5 Re7 33. Qf4 b5 34. Qd6 Bd5 35. Kg3 Re2 36. Qc7+ Kg8 37. Qc8+ Re8 38. Qf5 Kf7 39. Qf4 Re7 40. Qd4 Re2 41. Qa7+ Kg6 42. Qd4 Kf7 43. Qa7+ Re7 44. Qd4 g5 45. Qc3 Re2 46. Qd4 h5 47. gxh5 Nxh5+ 48. Kg4 Nf6+ 49. Kg3 g4 50. Kf4 Rxg2 51. Qa7+ Kg6 52. fxg4 Rxg4+ 53. Ke3 Re4+ 54. Kd3 Bc4+ 55. Kc3 Nd5+ 56. Kd2 Re2+ 57. Kc1 Nf4 58. Qg1+ Rg2 59. Qd4 Ne2+ 0-1


[Site "https://www.chess.com"]

[Event "Titled Tuesday Blitz May 30 Early 2023"]
[White "Sethuraman, S.P."]
[Black "Gheorghiu, Calin"]
[WhiteFideId "5021596"]
[BlackFideId "1200305"]
[WhiteElo "2543"]
[BlackElo "2223"]
[Result "1-0"]
[Round "02"]
[TimeControl "180+2"]
[Date "2023.05.30"]
[WhiteClock "0:01:46"]
[BlackClock "0:00:00"]

1. d4 Nf6 2. c4 e6 3. Nc3 Bb4 4. e3 O-O 5. a3 Bxc3+ 6. bxc3 d5 7. cxd5 exd5 8. Bd3 c5 9. Ne2 b6 10. O-O Ba6 11. dxc5 bxc5 12. Bxa6 Nxa6 13. c4 dxc4 14. Qa4 Qb6 15. Qxc4 Nc7 16. Bd2 Rfd8 17. Bc3 Ncd5 18. Rab1 Qe6 19. Bxf6 Nxf6 20. Qxc5 Ne4 21. Qa5 Rd5 22. Qxa7 Rdd8 23. Rbd1 Nd2 24. Rxd2 1-0


[Site "https://www.chess.com"]